Map: Lightshade LE

Players

A.I. 1 (Very Easy) - Winner!

  • Race: Terran Terran
  • Spawn Location: 5:00

Albert

  • Race: Zerg Zerg
  • League: Diamond
  • Spawn Location: 11:00

VOD

Have the link to the VOD?

Description

Time

  • Played on: Oct. 24, 2020, 6:42 p.m.
  • Length: 9:58
Show
View Real Time Build Order
Export as new Build Order

A.I. 1 (Very Easy) Terran - Winner!

Build Orders: Reaper Expand 

Get SALT Encoding   

  12  0:00  SCV  
  13  0:13  SCV  
  14  0:18  Supply Depot  
  14  0:42  Barracks  
  14  1:03  Command Center  
  14  1:30  Supply Depot, Orbital Command  
  14  1:31  Marine  
  15  1:36  Refinery  
  15  1:48  Refinery  
  15  1:55  SCV  
  16  2:07  SCV  
  17  2:16  Reaper  
  17  2:20  SCV  
  17  2:21  SCV  
  20  2:32  SCV  
  20  2:35  SCV  
  22  2:44  SCV  
  23  2:50  SCV  
  23  2:51  Refinery  
  24  2:57  Marine, SCV  
  26  3:04  SCV  
  27  3:11  SCV  
  28  3:18  Factory, SCV  
  29  3:38  Marine  
  29  3:40  Refinery  
  30  3:42  SCV  
  31  3:49  SCV  
  31  3:55  Supply Depot  
  32  3:56  SCV  
  33  4:04  Starport, SCV  
  34  4:11  SCV  
  35  4:18  SCV  
  35  4:20  Reaper  
  37  4:25  SCV  
  38  4:33  SCV  
  38  4:36  Supply Depot  
  39  4:40  Starport Tech Lab, SCV  
  40  4:47  SCV  
  40  4:52  Barracks Tech Lab  
  41  4:54  SCV  
  41  4:59  Raven  
  44  5:01  SCV  
  45  5:08  SCV  
  45  5:10  Marine  
  47  5:15  SCV  
  48  5:41  Raven  
  50  5:51  Marine  
  51  6:33  Marauder  
  53  8:02  SCV  
  52  9:04  SCV  
Show
View Real Time Build Order
Export as new Build Order

Albert Zerg 

Build Orders: Hatch First, Muta Ling Bane 

Get SALT Encoding   

  12  0:01  Drone  
  13  0:13  Overlord  
  13  0:17  Drone  
  14  0:32  Drone  
  14  0:33  Drone  
  16  0:49  Hatchery  
  15  0:55  Drone  
  16  0:57  Drone  
  16  1:00  Drone  
  18  1:11  Extractor  
  18  1:17  Spawning Pool  
  16  1:20  Drone  
  16  1:22  Drone  
  18  1:30  Drone  
  19  1:40  Drone  
  20  1:51  Drone  
  21  2:03  Queen  
  21  2:04  Queen  
  21  2:06  Zergling x4  
  27  2:18  Hatchery  
  26  2:30  Overlord  
  26  2:33  Drone x2  
  26  2:36  Metabolic Boost  
  28  2:50  Drone x2  
  28  2:51  Drone x2  
  31  2:54  Queen  
  34  3:00  Overlord  
  34  3:03  Drone  
  35  3:05  Drone  
  35  3:11  Overlord  
  36  3:20  Drone x3  
  36  3:23  Drone x2  
  41  3:31  Drone x2  
  41  3:34  Overlord  
  43  3:49  Queen x3  
  43  3:52  Zergling x6  
  43  3:54  Zergling x2  
  53  3:57  Overlord  
  53  4:00  Overlord  
  53  4:07  Baneling Nest  
  53  4:09  Drone x2  
  55  4:10  Drone x2  
  55  4:12  Drone  
  55  4:14  Drone  
  58  4:32  Drone x5  
  58  4:33  Overlord, Drone  
  58  4:37  Lair  
  64  4:40  Spore Crawler  
  64  4:41  Spore Crawler  
  64  4:43  Spore Crawler  
  64  4:45  Queen  
  61  4:48  Queen  
  65  4:52  Extractor  
  65  4:55  Extractor  
  63  5:05  Drone x2  
  63  5:06  Drone x2  
  63  5:07  Drone x2  
  69  5:13  Drone x6, Evolution Chamber  
  74  5:14  Drone  
  74  5:18  Overlord  
  74  5:19  Evolution Chamber  
  74  5:21  Overlord  
  74  5:38  Zergling x24  
  74  5:39  Zergling x2  
  74  5:42  Centrifical Hooks  
  87  5:55  Zerg Melee Weapons Level 1  
  87  5:57  Zerg Ground Armor Level 1  
  87  5:59  Overlord  
  87  6:00  Overlord x2  
  87  6:11  Extractor  
  87  6:12  Extractor, Drone x3  
  87  6:13  Drone x3  
  87  6:14  Drone  
  87  6:15  Drone  
  93  6:19  Extractor  
  93  6:21  Drone x3  
  95  6:26  Drone x4, Spire  
  95  6:31  Baneling x2  
  95  6:32  Baneling  
  98  6:41  Drone x3  
  101  6:53  Zergling x2  
  101  6:54  Hatchery, Zergling x16, Extractor  
  106  6:55  Extractor  
  106  6:58  Baneling x13  
  107  7:04  Overlord  
  107  7:05  Overlord  
  107  7:06  Overlord  
  107  7:14  Drone  
  107  7:15  Drone x2  
  110  7:16  Drone x3  
  113  7:24  Drone x4  
  113  7:25  Drone  
  113  7:26  Overlord  
  118  7:37  Overlord x3  
  118  7:41  Zerg Flyer Weapons Level 1  
  118  7:56  Mutalisk x9  
  136  8:00  Overseer  
  136  8:02  Overseer  
  136  8:08  Pneumatized Carapace  
  136  8:17  Queen  
  138  8:21  Spore Crawler  
  138  8:24  Spine Crawler  
  138  8:26  Spine Crawler, Drone x5  
  140  8:29  Mutalisk x4  
  140  8:33  Zergling x2  
  140  8:34  Zergling x16  
  157  8:47  Mutalisk  
  157  8:48  Mutalisk x3  
  159  8:54  Zergling x14  
  159  8:55  Zergling x6  
  175  9:03  Overlord  
  175  9:04  Overlord  
  175  9:05  Overlord  
  175  9:17  Mutalisk x3  
  175  9:22  Zergling x2  
  175  9:23  Zergling x18  
  175  9:24  Zergling x2  
  192  9:33  Overlord x3  
  192  9:34  Zergling x2  
  192  9:35  Zergling x6  
Tags
 
Add a new tag
Caveats
  • Supply blocks, unpowered buildings, or Contaminate may cause inaccurate times.
  • Supply counts are checked every 10 seconds.